 Dungeon Crawl Stone Soup version 0.21.1-1-g345015f (webtiles) character file.

4 4thArraOfDagon the Grave Robber (level 1, -2/13 HPs)
             Began as a Gnoll Necromancer on June 8, 2018.
             Hit by a stone thrown by a kobold (3 damage)
             ... on level 3 of the Dungeon.
             The game lasted 00:00:59 (156 turns).

4thArraOfDagon the Grave Robber (Gnoll Necromancer)  Turns: 156, Time: 00:00:59

Health: -2/13      AC:  2    Str: 10    XL:     1   Next: 70%
Magic:  6/6        EV: 14    Int: 17    God:
Gold:   0          SH:  0    Dex: 15    Spells: 8/9 levels left

rFire    . . .     SeeInvis .   (no weapon)
rCold    . . .     Gourm    .   (no shield)
rNeg     . . .     Faith    .   a - +0 robe
rPois    .         Spirit   .   (no helmet)
rElec    .         Reflect  .   (no cloak)
rCorr    .         Harm     .   (no gloves)
MR       .....                  (no boots)
Stlth    +++.......             (no amulet)
HPRegen  0.04/turn              (no ring)
MPRegen  0.10/turn              (no ring)

@: hasted, very quick
A: distributed training, fangs 1, strong nose
a: no special abilities


You were on level 3 of the Dungeon.
You were not hungry.

You visited 1 branch of the dungeon, and saw 3 of its levels.

Inventory:

Armour
 a - a +0 robe (worn)
Scrolls
 e - a scroll of identify {unknown}
Books
 b - a book of Necromancy

   Spells                             Type                      Level
   a - Pain                           Necromancy                   1
   b - Animate Skeleton               Necromancy                   1
   c - Vampiric Draining              Necromancy                   3
   d - Regeneration                   Charms/Necromancy            3
   e - Animate Dead                   Necromancy                   4
   f - Borgnjor's Vile Clutch         Necromancy/Earth             5
Comestibles
 c - 2 rations


   Skills:
 + Level 0.1 Fighting
 + Level 0.1 Short Blades
 + Level 0.1 Long Blades
 + Level 0.1 Axes
 + Level 0.1 Maces & Flails
 + Level 0.1 Polearms
 + Level 0.1 Staves
 + Level 0.1 Slings
 + Level 0.1 Bows
 + Level 0.1 Crossbows
 + Level 0.1 Throwing
 + Level 0.1 Armour
 + Level 4.4 Dodging
 + Level 4.0 Stealth
 + Level 0.1 Shields
 + Level 0.1 Unarmed Combat
 + Level 4.9 Spellcasting
 + Level 0.1 Conjurations
 + Level 0.1 Hexes
 + Level 0.1 Charms
 + Level 0.1 Summonings
 + Level 7.0 Necromancy
 + Level 0.1 Translocations
 + Level 0.1 Transmutations
 + Level 0.1 Fire Magic
 + Level 0.1 Ice Magic
 + Level 0.1 Air Magic
 + Level 0.1 Earth Magic
 + Level 0.1 Poison Magic
 + Level 0.2 Invocations
 + Level 0.1 Evocations


You had 8 spell levels left.
You knew the following spells:

 Your Spells              Type           Power        Failure   Level  Hunger
a - Pain                  Necr           ####         1%          1    None


Dungeon Overview and Level Annotations

Branches:
Dungeon (2/15)

Altars:

Annotations:
D:3 RudyRod's ghost, amateur NaIE


Innate Abilities, Weirdness & Mutations

Your experience applies equally to all skills.
You have very sharp teeth.
Your uncanny sense of smell can sniff out nearby items.


Message History

Unknown command.
Unknown command.
It was a potion of haste.
You feel yourself speed up. RudyRod's ghost hits you.
* * * LOW HITPOINT WARNING * * *
Unknown command.
RudyRod's ghost barely misses you.
Unknown command.
Unknown command.
Found 16 gold pieces.
Unknown command.
RudyRod's ghost says, "I hope the next monster to meet you likes frozen food!"
Found 10 arrows.
Found a ration.
Found an escape hatch in the floor.
Unknown command.
A kobold comes into view. It is wielding a dagger.
A bat comes into view.
The kobold shouts!
The bat moves out of view.
The kobold throws a stone.
The stone hits you.
You die...

#.####### ...
#.#...#.###.#
####.#.#.#.....#
.......#.#.....###
........(.........
.....%...#.###.##
b........#.###.#
.........#.....##
..K....@.#......##
........>+.......#
##+#+#########.......#
####........#####W..$...#
#............W........#.#
#............####.#...#.#
#............# #.#####
#$....######.# #..
#.....# #.# ####


You could see a bat and a kobold.

Vanquished Creatures
  A goblin (D:1)
  2 bats (D:1)
  A frilled lizard (D:1)
  2 rats (D:1)
6 creatures vanquished.

Notes
Turn   | Place    | Note
-------+----------+-------------------------------------------
     0 | D:1      | 4thArraOfDagon the Gnoll Necromancer began the quest for the Orb.
     0 | D:1      | Reached XP level 1. HP: 13/13 MP: 6/6
   114 | D:2      | You fall through a shaft!
   114 | D:3      | Noticed RudyRod's ghost (amateur NaIE)
   156 | D:3      | Hit by a stone thrown by a kobold

Action                   || total
-------------------------++-------
 Cast: Pain              ||     7
  Use: Potion            ||     1
Dodge: Dodged            ||     3
